[Event "Kupreichik Memorial Open 2018"]
[Site "Minsk"]
[Date "2018.06.23"]
[Round "9"]
[White "Korniichuk, Oleksandra"]
[Black "Drobyshevsky, Vasily"]
[Result "1/2-1/2"]
[ECO "B01"]
[WhiteElo "1740"]
[BlackElo "1551"]
[Annotator "NA"]
[PlyCount "112"]
[EventDate "2018.06.21"]
[EventCountry "BLR"]
[SourceTitle "playchess.com"]
[Source "ChessBase"]
[SourceQuality "1"]
[TimeControl "900+10"]

1. e4 d5 2. exd5 Qxd5 3. Nc3 Qe5+ 4. Qe2 Qxe2+ 5. Bxe2 Bf5 6. d3 c6 7. Nf3 h6 8. O-O e6 9. Bf4 Nd7 10. Rfe1 Ngf6 11. Ne5 Nxe5 12. Bxe5 Be7 13. Bf3 O-O 14. Ne4 Nxe4 15. Bxe4 Bxe4 16. Rxe4 Rad8 17. Bc3 Rd5 18. Rae1 Bc5 19. Re5 Rfd8 20. g3 Rxe5 21. Rxe5 Rd5 22. Kg2 Rxe5 23. Bxe5 f6 24. Bc3 Kf7 25. f4 f5 26. Kf3 g6 27. d4 Bb6 28. Ke3 Ke7 29. Bb4+ Kd7 30. c4 Bd8 31. Kd3 h5 32. Be1 Be7 33. Ke3 a6 34. Kf3 Bf6 35. Bf2 c5 36. Ke2 cxd4 37. Kd3 e5 38. fxe5 Bxe5 39. Bxd4 Bb8 40. b4 f4 41. gxf4 Bxf4 42. h3 Ke6 43. Ke4 Bd6 44. c5 Be7 45. a4 g5 46. b5 axb5 47. axb5 g4 48. hxg4 hxg4 49. c6 bxc6 50. bxc6 g3 51. Be5 g2 52. Bh2 Bd6 53. Kf3 Bxh2 54. Kxg2 Bc7 55. Kf3 Kd5 56. Ke3 Kxc6 1/2-1/2

[Event "Kupreichik Memorial Open 2018"]
[Site "Minsk"]
[Date "2018.06.23"]
[Round "9"]
[White "Tsvetkova, Vladislava"]
[Black "Shvedau, Mikhail"]
[Result "0-1"]
[ECO "C02"]
[WhiteElo "1697"]
[BlackElo "1653"]
[Annotator "NA"]
[PlyCount "90"]
[EventDate "2018.06.21"]
[EventCountry "BLR"]
[SourceTitle "playchess.com"]
[Source "ChessBase"]
[SourceQuality "1"]
[TimeControl "900+10"]

1. e4 e6 2. d4 d5 3. e5 c5 4. Qg4 cxd4 5. Nf3 Nc6 6. Bd3 Nge7 7. O-O Ng6 8. Re1 Be7 9. g3 Bd7 10. h4 h5 11. Qh3 Qc7 12. Bxg6 fxg6 13. Na3 O-O-O 14. Nb5 Qb6 15. a4 Rhf8 16. Ng5 Rf5 17. f4 a6 18. Nd6+ Bxd6 19. exd6 Re8 20. Qg2 Na5 21. b4 Nc4 22. Kh2 Qxd6 23. Ba3 Qc7 24. Nf3 Ne3 25. Qd2 Ng4+ 26. Kg2 e5 27. fxe5 Ne3+ 28. Rxe3 dxe3 29. Qxe3 Ref8 30. e6 Rxf3 31. exd7+ Kxd7 32. Qg5 Qxc2+ 33. Kh3 Qf5+ 34. Qxf5+ gxf5 35. Bb2 g6 36. Be5 Rc8 37. Rd1 Ke6 38. Re1 Rc4 39. Bd4+ Kd7 40. Bc5 Re4 41. Rd1 Ke6 42. Rc1 d4 43. Bf8 Rc3 44. Rd1 d3 45. Bg7 Rb3 0-1

[Event "Kupreichik Memorial Open 2018"]
[Site "Minsk"]
[Date "2018.06.23"]
[Round "9"]
[White "Tarasenka, Aliaksandra"]
[Black "Kaliadzich, Maryia"]
[Result "1-0"]
[ECO "B22"]
[WhiteElo "1682"]
[BlackElo "2021"]
[Annotator "NA"]
[PlyCount "81"]
[EventDate "2018.06.21"]
[EventCountry "BLR"]
[SourceTitle "playchess.com"]
[Source "ChessBase"]
[SourceQuality "1"]
[TimeControl "900+10"]

1. e4 c5 2. c3 d5 3. exd5 Qxd5 4. d4 Nf6 5. Nf3 Bg4 6. Qa4+ Bd7 7. Qb3 e6 8. Bc4 Qe4+ 9. Be3 Bc6 10. Nbd2 Qg4 11. O-O-O Nbd7 12. h3 Qg6 13. g4 Nd5 14. Bxd5 exd5 15. Nh4 Qf6 16. Rhe1 O-O-O 17. Ndf3 c4 18. Qc2 h6 19. g5 Qd6 20. Nf5 Qc7 21. gxh6 g6 22. Ng7 Qa5 23. b3 Bxg7 24. hxg7 Rh7 25. Ng5 Rxg7 26. Bf4 cxb3 27. axb3 Bb5 28. Kb2 Qb6 29. Re3 a5 30. Rde1 a4 31. b4 Qa6 32. Ka3 Bc6 33. Re7 Qb6 34. Nxf7 Rxf7 35. Rxf7 Qb5 36. Qe2 Qb6 37. Qe6 Qb5 38. Qd6 Qb6 39. Ree7 Bb5 40. Qb8+ Nxb8 41. Rc7+ 1-0

[Event "Kupreichik Memorial Open 2018"]
[Site "Minsk"]
[Date "2018.06.23"]
[Round "9"]
[White "Sukalina, Alina"]
[Black "Korniichuk, Fedir"]
[Result "1-0"]
[ECO "D55"]
[WhiteElo "1673"]
[BlackElo "1568"]
[Annotator "NA"]
[PlyCount "71"]
[EventDate "2018.06.21"]
[EventCountry "BLR"]
[SourceTitle "playchess.com"]
[Source "ChessBase"]
[SourceQuality "1"]
[TimeControl "900+10"]

1. d4 Nf6 2. c4 e6 3. Nf3 d5 4. Nc3 Be7 5. Bg5 O-O 6. e3 c6 7. Bd3 Nbd7 8. Qc2 h6 9. Bf4 Nb6 10. c5 Nbd7 11. O-O Re8 12. h3 Bf8 13. b4 Nh5 14. Bh2 g6 15. b5 Bg7 16. bxc6 bxc6 17. e4 Nhf6 18. Rab1 dxe4 19. Nxe4 Nxe4 20. Bxe4 a5 21. Bxc6 Ra6 22. Bb5 Ra8 23. c6 Nf6 24. c7 Qe7 25. Bxe8 Nxe8 26. Rb8 Nxc7 27. Rxa8 Nxa8 28. Qxc8+ Kh7 29. Qxa8 Qd7 30. Qxa5 Qe8 31. Ne5 Qe7 32. Qb5 Qf8 33. Qd7 Bxe5 34. Bxe5 h5 35. a4 h4 36. Rc1 1-0

[Event "Kupreichik Memorial Open 2018"]
[Site "Minsk"]
[Date "2018.06.23"]
[Round "9"]
[White "Bezenson, Anton"]
[Black "Mialik, Uladzislau"]
[Result "0-1"]
[ECO "A04"]
[WhiteElo "1621"]
[BlackElo "1768"]
[Annotator "NA"]
[PlyCount "93"]
[EventDate "2018.06.21"]
[EventCountry "BLR"]
[SourceTitle "playchess.com"]
[Source "ChessBase"]
[SourceQuality "1"]
[TimeControl "900+10"]

1. Nf3 c5 2. c4 g6 3. Nc3 Bg7 4. d4 cxd4 5. Nxd4 Nc6 6. Nc2 Nf6 7. g3 O-O 8. Bg2 d6 9. O-O Be6 10. Ne3 Qd7 11. b3 Ng4 12. Qd3 Nb4 13. Qd2 Nxe3 14. fxe3 Bh3 15. Bb2 Bxg2 16. Kxg2 Rac8 17. a3 Nc6 18. Nd5 Ne5 19. Bxe5 Bxe5 20. Rad1 Bg7 21. Qd3 Qe6 22. Rf3 Rc5 23. Rdf1 b5 24. Nf4 Qd7 25. cxb5 Rxb5 26. a4 Rc5 27. Nd5 Qe6 28. Nf4 Qe5 29. b4 Rc3 30. Qd2 Qe4 31. Nd3 f5 32. Kg1 Rfc8 33. Rf4 Qe6 34. Rc1 Rxc1+ 35. Nxc1 Bh6 36. Rf3 Rc4 37. Nd3 Qe4 38. Kf2 Qc6 39. Nf4 Rc2 40. Qd5+ Qxd5 41. Nxd5 e6 42. Nf4 e5 43. Nd5 e4 44. Rf4 Bxf4 45. exf4 Kf7 46. Ke3 Ke6 47. Kf2 0-1

[Event "Kupreichik Memorial Open 2018"]
[Site "Minsk"]
[Date "2018.06.23"]
[Round "9"]
[White "Tkachou, Pavel"]
[Black "Rybakova, Polina"]
[Result "0-1"]
[ECO "A49"]
[WhiteElo "1535"]
[BlackElo "1826"]
[Annotator "NA"]
[PlyCount "90"]
[EventDate "2018.06.21"]
[EventCountry "BLR"]
[SourceTitle "playchess.com"]
[Source "ChessBase"]
[SourceQuality "1"]
[TimeControl "900+10"]

1. d4 Nf6 2. Nf3 g6 3. g3 Bg7 4. Bg2 O-O 5. c4 e6 6. Nc3 d5 7. O-O Ne4 8. Nd2 Nxd2 9. Qxd2 dxc4 10. Rd1 c6 11. e4 Nd7 12. d5 cxd5 13. exd5 exd5 14. Bxd5 Qc7 15. Qe2 Nb6 16. Bf4 Qc5 17. Bf3 Bf5 18. Bd6 Qa5 19. Bxf8 Rxf8 20. Qd2 h5 21. h4 Kh7 22. Nd5 Qxd2 23. Rxd2 Nxd5 24. Bxd5 c3 25. bxc3 Bxc3 26. Rad1 Bxd2 27. Rxd2 Rd8 28. Rd1 Bc2 29. Rc1 Rxd5 30. Rxc2 Rd7 31. Kf1 Kg7 32. Ke2 f6 33. Ke3 g5 34. hxg5 fxg5 35. f4 Re7+ 36. Kd4 Kg6 37. Rc5 gxf4 38. gxf4 h4 39. Rg5+ Kh6 40. Rb5 b6 41. f5 Kg5 42. f6+ Kxf6 43. Rh5 Rd7+ 44. Kc4 Rc7+ 45. Kb5 Rc5+ 0-1

[Event "Kupreichik Memorial Open 2018"]
[Site "Minsk"]
[Date "2018.06.23"]
[Round "9"]
[White "Mialik, Artsiom"]
[Black "Uzlavataya, Anhelina"]
[Result "0-1"]
[ECO "A04"]
[WhiteElo "1432"]
[BlackElo "1925"]
[Annotator "NA"]
[PlyCount "33"]
[EventDate "2018.06.21"]
[EventCountry "BLR"]
[SourceTitle "playchess.com"]
[Source "ChessBase"]
[SourceQuality "1"]
[TimeControl "900+10"]

1. Nf3 f5 2. d4 Nf6 3. c4 g6 4. Nc3 Bg7 5. Bf4 O-O 6. e3 d6 7. Bd3 a6 8. Qc2 Qe8 9. h3 Nc6 10. Be2 e5 11. dxe5 dxe5 12. Bh2 h6 13. Nh4 Kh7 14. Rg1 Qe7 15. g4 Nb4 16. Qb1 Ne4 17. gxf5 0-1

[Event "Kupreichik Memorial Open 2018"]
[Site "Minsk"]
[Date "2018.06.23"]
[Round "10"]
[White "Badelka, Olga"]
[Black "Rakhmangulova, Anastasiya"]
[Result "1-0"]
[ECO "A36"]
[WhiteElo "2407"]
[BlackElo "2244"]
[Annotator "NA"]
[PlyCount "55"]
[EventDate "2018.06.21"]
[EventCountry "BLR"]
[SourceTitle "playchess.com"]
[Source "ChessBase"]
[SourceQuality "1"]
[TimeControl "900+10"]

1. c4 c5 2. Nc3 Nc6 3. g3 g6 4. Bg2 Bg7 5. d3 Nh6 6. e4 d6 7. Nge2 Ng4 8. h3 Nf6 9. O-O Bd7 10. Be3 Qc8 11. g4 h5 12. g5 Nh7 13. Kh2 Nd4 14. f4 Nxe2 15. Qxe2 Nf8 16. Nd5 e6 17. Nf6+ Bxf6 18. gxf6 e5 19. f5 gxf5 20. exf5 Bc6 21. Bxc5 Bxg2 22. Bxd6 Bxf1 23. Qxe5+ Ne6 24. Rxf1 Rg8 25. fxe6 Qc6 26. exf7+ Kxf7 27. Qe7+ Kg6 28. Rg1+ 1-0

[Event "Kupreichik Memorial Open 2018"]
[Site "Minsk"]
[Date "2018.06.23"]
[Round "10"]
[White "Barskij, Vladimir"]
[Black "Laptii, Nazar"]
[Result "1/2-1/2"]
[ECO "B01"]
[WhiteElo "2389"]
[BlackElo "1925"]
[Annotator "NA"]
[PlyCount "142"]
[EventDate "2018.06.21"]
[EventCountry "BLR"]
[SourceTitle "playchess.com"]
[Source "ChessBase"]
[SourceQuality "1"]
[TimeControl "900+10"]

1. e4 d5 2. exd5 Nf6 3. d4 Nxd5 4. c4 Nb6 5. Nc3 e5 6. dxe5 Qxd1+ 7. Nxd1 Nc6 8. Nf3 Be6 9. Ne3 O-O-O 10. Bd2 Bc5 11. b3 Rhe8 12. O-O-O Bxe3 13. Bxe3 Rxd1+ 14. Kxd1 Nd7 15. Nd4 Ndxe5 16. Nxe6 Rxe6 17. Be2 Rd6+ 18. Kc1 Nd4 19. Bxd4 Rxd4 20. Rd1 Rxd1+ 21. Kxd1 b6 22. Kd2 Kd7 23. Ke3 Kd6 24. b4 Nc6 25. a3 a5 26. b5 Nd8 27. Bg4 Kc5 28. Kd3 f6 29. Bf5 g6 30. Bd7 g5 31. g3 Kd6 32. Bf5 h6 33. Kd4 Nb7 34. f4 Nc5 35. h4 gxf4 36. gxf4 Nb3+ 37. Ke3 Kc5 38. Be6 Nd4 39. Bd7 Kxc4 40. Ke4 Kc5 41. h5 Kc4 42. Be8 Kc5 43. Bd7 a4 44. Be8 Nc2 45. Kf5 Nxa3 46. Kxf6 Nc4 47. Bg6 Nd2 48. Bf7 Nc4 49. Bg6 Nd2 50. Bf7 Nc4 51. Bg6 a3 52. Bb1 Kd4 53. Kg7 Nd2 54. Ba2 Ne4 55. f5 Ke5 56. Kg6 Nf6 57. Bb1 Nd5 58. Ba2 Nf4+ 59. Kxh6 Kxf5 60. Bb1+ Kf6 61. Ba2 Kf5 62. Bb1+ Kf6 63. Ba2 Kf5 64. Bb1+ Kf6 65. Ba2 Ne2 66. Kh7 Nc3 67. Bb3 a2 68. Bxa2 Nxa2 69. h6 Kf7 70. Kh8 Kf8 71. h7 Kf7 1/2-1/2

[Event "Kupreichik Memorial Open 2018"]
[Site "Minsk"]
[Date "2018.06.23"]
[Round "10"]
[White "Sihite, Chelsie Monica Igne"]
[Black "Bernotas, Arturs"]
[Result "1/2-1/2"]
[ECO "B01"]
[WhiteElo "2236"]
[BlackElo "2407"]
[Annotator "NA"]
[PlyCount "95"]
[EventDate "2018.06.21"]
[EventCountry "BLR"]
[SourceTitle "playchess.com"]
[Source "ChessBase"]
[SourceQuality "1"]
[TimeControl "900+10"]

1. e4 d5 2. exd5 Nf6 3. Nf3 Nxd5 4. Be2 g6 5. O-O Bg7 6. d4 O-O 7. h3 c5 8. c3 cxd4 9. Nxd4 e5 10. Nc2 Nc6 11. Bf3 Be6 12. Qe2 Qh4 13. Bxd5 Bxd5 14. Ne3 Be6 15. Nd2 f5 16. Nf3 Qh5 17. Re1 e4 18. Nd2 Qh4 19. Nef1 Ne5 20. Nh2 Nd3 21. Ndf3 Qh5 22. Nd4 Bxd4 23. cxd4 Nxe1 24. Qxe1 f4 25. d5 Bxd5 26. b3 Rac8 27. Ba3 Rf7 28. Rc1 Rxc1 29. Qxc1 Bc6 30. Ng4 e3 31. fxe3 Qd5 32. Qb2 h5 33. Nh6+ Kh7 34. Nxf7 Qxf7 35. exf4 Qxf4 36. Qf2 Qxf2+ 37. Kxf2 g5 38. g3 Kg6 39. h4 Be4 40. Be7 gxh4 41. gxh4 Kf5 42. Ke3 Bb1 43. a3 Ke5 44. b4 Kd5 45. a4 b6 46. a5 Ke6 47. axb6 axb6 48. Bd8 1/2-1/2

[Event "Kupreichik Memorial Open 2018"]
[Site "Minsk"]
[Date "2018.06.23"]
[Round "10"]
[White "Osmolny, Vladimir I"]
[Black "Vashchilov, Sergey"]
[Result "0-1"]
[ECO "A30"]
[WhiteElo "2211"]
[BlackElo "2087"]
[Annotator "NA"]
[PlyCount "76"]
[EventDate "2018.06.21"]
[EventCountry "BLR"]
[SourceTitle "playchess.com"]
[Source "ChessBase"]
[SourceQuality "1"]
[TimeControl "900+10"]

1. c4 c5 2. Nf3 Nc6 3. Nc3 g6 4. e3 Nf6 5. d4 cxd4 6. exd4 d5 7. cxd5 Nxd5 8. Qb3 Nxc3 9. Bc4 Nd5 10. Bxd5 e6 11. Bxc6+ bxc6 12. O-O Bg7 13. Be3 O-O 14. Rfc1 Qd6 15. Rc5 Bd7 16. Rac1 Rfb8 17. Qc2 Rb5 18. Rc4 a5 19. b3 Be8 20. g3 Rd8 21. Bf4 Qd5 22. Qe2 h6 23. h4 Qh5 24. Qe3 Rbd5 25. Kg2 Kh7 26. Kh3 g5 27. Bxg5 hxg5 28. g4 Qh6 29. Nxg5+ Kg8 30. f4 Bxd4 31. Qe4 Bf6 32. Nf3 Bxh4 33. Kg2 f5 34. gxf5 exf5 35. Qe2 Bh5 36. Rxc6 Qxf4 37. Qe6+ Bf7 38. Rg1 Bxe6 0-1

[Event "Kupreichik Memorial Open 2018"]
[Site "Minsk"]
[Date "2018.06.23"]
[Round "10"]
[White "Katashuk, Uladzislau"]
[Black "Terletsky, Oleg"]
[Result "0-1"]
[ECO "A03"]
[WhiteElo "2149"]
[BlackElo "2257"]
[Annotator "NA"]
[PlyCount "64"]
[EventDate "2018.06.21"]
[EventCountry "BLR"]
[SourceTitle "playchess.com"]
[Source "ChessBase"]
[SourceQuality "1"]
[TimeControl "900+10"]

1. f4 d5 2. Nf3 g6 3. g3 Bg7 4. Bg2 c5 5. O-O Nc6 6. d3 Nf6 7. Nc3 O-O 8. Ne5 Be6 9. e4 dxe4 10. Nxc6 bxc6 11. Nxe4 Nxe4 12. Bxe4 Bd5 13. Qe2 Rb8 14. c3 f5 15. Bg2 Bxg2 16. Kxg2 e5 17. fxe5 Qd5+ 18. Rf3 Bxe5 19. Be3 Rfe8 20. Qf2 Qxd3 21. Bxc5 Qb5 22. b4 Bxc3 23. a4 Qc4 24. Ra2 Bxb4 25. Bxa7 Rbd8 26. Rf4 Qd5+ 27. Kh3 c5 28. Bb6 Rd6 29. a5 g5 30. Rxf5 Rh6+ 31. Kg4 Qe4+ 32. Rf4 gxf4 0-1

[Event "Kupreichik Memorial Open 2018"]
[Site "Minsk"]
[Date "2018.06.23"]
[Round "10"]
[White "Savolainen, Lev P"]
[Black "Tsaruk, Maksim"]
[Result "0-1"]
[ECO "E19"]
[WhiteElo "2053"]
[BlackElo "1980"]
[Annotator "NA"]
[PlyCount "98"]
[EventDate "2018.06.21"]
[EventCountry "BLR"]
[SourceTitle "playchess.com"]
[Source "ChessBase"]
[SourceQuality "1"]
[TimeControl "900+10"]

1. d4 Nf6 2. c4 e6 3. Nf3 b6 4. g3 Bb7 5. Bg2 Be7 6. O-O O-O 7. Nc3 Ne4 8. Qc2 Nxc3 9. Qxc3 d6 10. b4 Nd7 11. Bb2 f5 12. Rfd1 Bf6 13. Qd2 Qe7 14. Rac1 Rad8 15. d5 e5 16. Qc2 g6 17. Ba3 Rf7 18. c5 bxc5 19. bxc5 Nxc5 20. Bxc5 dxc5 21. Qxc5 Qxc5 22. Rxc5 Rfd7 23. Ra5 e4 24. Ne1 a6 25. f3 Rxd5 26. Raxd5 Rxd5 27. Rc1 Rc5 28. Rxc5 Bd4+ 29. Kf1 Bxc5 30. fxe4 fxe4 31. Nc2 Bd5 32. e3 Kg7 33. Ke2 Bxa2 34. Bxe4 a5 35. Bc6 Bb3 36. Na1 Bc4+ 37. Kd2 Kf6 38. Kc3 Be6 39. Nc2 Ke5 40. Nd4 Bxd4+ 41. exd4+ Kd6 42. Ba4 Bd5 43. h4 Ke6 44. Bc2 Kf6 45. g4 h6 46. Bd1 g5 47. h5 Ke7 48. Kd3 a4 49. Bxa4 Bf3 0-1

[Event "Kupreichik Memorial Open 2018"]
[Site "Minsk"]
[Date "2018.06.23"]
[Round "10"]
[White "Sarbay, Aleksandr"]
[Black "Tyurin, Artem"]
[Result "1/2-1/2"]
[ECO "B40"]
[WhiteElo "2045"]
[BlackElo "1855"]
[Annotator "NA"]
[PlyCount "214"]
[EventDate "2018.06.21"]
[EventCountry "BLR"]
[SourceTitle "playchess.com"]
[Source "ChessBase"]
[SourceQuality "1"]
[TimeControl "900+10"]

1. e4 c5 2. Nf3 e6 3. d3 d5 4. Qe2 Nf6 5. g3 Be7 6. Bg2 O-O 7. O-O Nc6 8. e5 Nd7 9. c4 Nb6 10. Nc3 dxc4 11. dxc4 Nd4 12. Qe4 Qc7 13. Nxd4 cxd4 14. Qxd4 Qxc4 15. Qxc4 Nxc4 16. Re1 Rb8 17. Re4 b5 18. Nxb5 Rxb5 19. Rxc4 Rxe5 20. Bf4 Re2 21. Rb1 Bf6 22. Rbc1 Ba6 23. R4c2 Rxc2 24. Rxc2 Rd8 25. Bf3 g5 26. Be3 Rd7 27. b3 Be7 28. Kg2 f5 29. Rd2 Rxd2 30. Bxd2 Bb5 31. a4 Bd3 32. b4 Kf8 33. Bc6 Bf6 34. b5 Ke7 35. Be3 Kd6 36. Bxa7 Bc3 37. Bb6 Bb4 38. a5 Bc5 39. Bxc5+ Kxc5 40. a6 Kb6 41. f3 e5 42. Kf2 f4 43. g4 h6 44. Ke1 Bc4 45. Kd2 Bf1 46. Kc3 Be2 47. Kb4 Bf1 48. a7 Kxa7 49. Kc5 Bd3 50. Kd6 Kb6 51. Kxe5 Bxb5 52. Be4 Bd7 53. Kf6 Be8 54. Kg7 h5 55. h3 Kc5 56. gxh5 Bxh5 57. Kf6 Kd6 58. Kxg5 Be8 59. Kf6 Bh5 60. h4 Kd7 61. Kg5 Bf7 62. Kxf4 Ke7 63. Kg5 Kf8 64. f4 Be6 65. Kf6 Bh3 66. h5 Kg8 67. Bf5 Bg2 68. Be6+ Kh7 69. Bf7 Kh6 70. Bg6 Bf3 71. Kf7 Bd5+ 72. Kf8 Be6 73. Ke7 Bh3 74. Kf6 Bg4 75. Kf7 Bh3 76. Kg8 Bg4 77. Kf7 Bh3 78. Kf6 Bg4 79. Be8 Bh3 80. Bf7 Bg4 81. Bg6 Bh3 82. Be8 Bc8 83. Bf7 Bg4 84. Ke7 Bf5 85. Be6 Be4 86. Kf6 Kxh5 87. Bf5 Bf3 88. Kg7 Be2 89. Bg6+ Kg4 90. f5 Kg5 91. f6 Bc4 92. Bd3 Bd5 93. Bh7 Bc4 94. Bd3 Bd5 95. Bb5 Bb3 96. Be8 Bc4 97. Bf7 Bb5 98. Bd5 Be8 99. Bc6 Bg6 100. Bd5 Be8 101. Be6 Bg6 102. Bd7 Bh5 103. Bc6 Bg6 104. Bf3 Be8 105. Be2 Bg6 106. Bc4 Be8 107. Bf7 Bd7 1/2-1/2

[Event "Kupreichik Memorial Open 2018"]
[Site "Minsk"]
[Date "2018.06.23"]
[Round "10"]
[White "Kirilin, Dmitrij"]
[Black "Shvedau, Mikhail"]
[Result "1-0"]
[ECO "A40"]
[WhiteElo "2026"]
[BlackElo "1742"]
[Annotator "NA"]
[PlyCount "91"]
[EventDate "2018.06.21"]
[EventCountry "BLR"]
[SourceTitle "playchess.com"]
[Source "ChessBase"]
[SourceQuality "1"]
[TimeControl "900+10"]

1. d4 e6 2. Nf3 f5 3. g3 Nf6 4. Bg2 d5 5. O-O Bd6 6. c4 c6 7. b3 Qe7 8. Qc2 O-O 9. Bb2 Bd7 10. Ne5 Ne4 11. Nd2 Be8 12. e3 Nd7 13. Ndf3 Bh5 14. Nxd7 Qxd7 15. Ne5 Qe7 16. f3 Nf6 17. Rae1 Bxe5 18. dxe5 Nd7 19. Bd4 Nb6 20. cxd5 Nxd5 21. Bc5 Qc7 22. Bxf8 Rxf8 23. e4 fxe4 24. Qxe4 Qb6+ 25. Kh1 Bg6 26. Qc4 Re8 27. Qe2 Rd8 28. Rd1 Re8 29. Rde1 Rd8 30. Qf2 Qa5 31. Rd1 Rf8 32. Rd2 Be4 33. fxe4 Rxf2 34. Rdxf2 g6 35. exd5 cxd5 36. Bh3 Qa6 37. Rf6 Qd3 38. Rxe6 d4 39. Bg2 Qe2 40. Re7 Qb5 41. a4 Qc5 42. Rd7 d3 43. e6 d2 44. e7 d1=Q 45. e8=Q+ Qf8 46. Qxf8# 1-0

[Event "Kupreichik Memorial Open 2018"]
[Site "Minsk"]
[Date "2018.06.23"]
[Round "10"]
[White "Kaliadzich, Maryia"]
[Black "Korniichuk, Oleksandra"]
[Result "1/2-1/2"]
[ECO "A46"]
[WhiteElo "2021"]
[BlackElo "1740"]
[Annotator "NA"]
[PlyCount "87"]
[EventDate "2018.06.21"]
[EventCountry "BLR"]
[SourceTitle "playchess.com"]
[Source "ChessBase"]
[SourceQuality "1"]
[TimeControl "900+10"]

1. d4 Nf6 2. Nf3 e6 3. e3 b6 4. Bd3 Bb7 5. O-O Be7 6. c4 O-O 7. Nc3 d5 8. b3 c5 9. Bb2 Nc6 10. cxd5 Nxd5 11. dxc5 Nxc3 12. Bxc3 Bxc5 13. Qc2 h6 14. Rfd1 Qe7 15. Bb2 e5 16. Bc4 Rfd8 17. Qf5 Bd6 18. Bd5 Re8 19. Be4 g6 20. Qh3 Kh7 21. Nd2 Rad8 22. Nc4 Bb8 23. Qf3 Na5 24. Nxa5 Bxe4 25. Qxe4 bxa5 26. Rd5 Bc7 27. Rad1 Kg8 28. h4 Rxd5 29. Rxd5 Rd8 30. h5 Rxd5 31. Qxd5 Qd6 32. Qxd6 Bxd6 33. g4 gxh5 34. gxh5 f6 35. Kg2 Kf7 36. e4 Ke6 37. Bc1 Bf8 38. a4 f5 39. Bd2 fxe4 40. Bxa5 Kf5 41. Bc7 Kg4 42. Bxe5 Bb4 43. Bc7 a5 44. Bb6 1/2-1/2

[Event "Kupreichik Memorial Open 2018"]
[Site "Minsk"]
[Date "2018.06.23"]
[Round "10"]
[White "Svjatocho, Andrej"]
[Black "Kalugin, Sergey G"]
[Result "0-1"]
[ECO "B21"]
[WhiteElo "1979"]
[BlackElo "2334"]
[Annotator "NA"]
[PlyCount "42"]
[EventDate "2018.06.21"]
[EventCountry "BLR"]
[SourceTitle "playchess.com"]
[Source "ChessBase"]
[SourceQuality "1"]
[TimeControl "900+10"]

1. e4 c5 2. f4 d5 3. exd5 Nf6 4. Bb5+ Bd7 5. Bxd7+ Qxd7 6. c4 e6 7. dxe6 fxe6 8. Nf3 Nc6 9. O-O Bd6 10. d3 O-O 11. Nc3 e5 12. Nd5 exf4 13. Nxf4 Bc7 14. Ne2 Rae8 15. Bg5 Ng4 16. Qd2 Qd6 17. Ng3 Nxh2 18. Nxh2 Qxg3 19. Rxf8+ Rxf8 20. Nf1 Qg4 21. Re1 Ba5 0-1

[Event "Kupreichik Memorial Open 2018"]
[Site "Minsk"]
[Date "2018.06.23"]
[Round "10"]
[White "Sadovnikov, Konstantin"]
[Black "Papunidi, Matvey"]
[Result "0-1"]
[ECO "B24"]
[WhiteElo "1907"]
[BlackElo "1913"]
[Annotator "NA"]
[PlyCount "84"]
[EventDate "2018.06.21"]
[EventCountry "BLR"]
[SourceTitle "playchess.com"]
[Source "ChessBase"]
[SourceQuality "1"]
[TimeControl "900+10"]

1. e4 c5 2. Nc3 Nc6 3. g3 g6 4. Bg2 Bg7 5. d3 e6 6. f4 Nge7 7. Nf3 d6 8. O-O O-O 9. Be3 Rb8 10. d4 cxd4 11. Nxd4 Qb6 12. Nf5 Qxb2 13. Nxg7 Qxc3 14. Bf2 Kxg7 15. g4 f5 16. exf5 exf5 17. Re1 Kg8 18. Rb1 fxg4 19. Rb3 Qf6 20. Bg3 Bf5 21. Rbe3 Rbd8 22. Qb1 Rd7 23. Qb3+ Kg7 24. R1e2 Nd4 25. Qa4 Nxe2+ 26. Rxe2 d5 27. Bf2 d4 28. Be4 Bxe4 29. Qxd7 Kh6 30. Rxe4 Nf5 31. Qxb7 Nd6 32. Qd5 Nxe4 33. Qxe4 Qxf4 34. Qe2 Qxf2+ 35. Qxf2 Rxf2 36. Kxf2 Kg5 37. Kg3 Kf5 38. Kf2 Kf4 39. Ke2 Ke4 40. Kd2 h5 41. Ke2 h4 42. Kf2 Kf4 0-1

[Event "Kupreichik Memorial Open 2018"]
[Site "Minsk"]
[Date "2018.06.23"]
[Round "10"]
[White "Romanovskij, Nikita"]
[Black "Belyuga, Mikhail"]
[Result "1-0"]
[ECO "E15"]
[WhiteElo "1869"]
[BlackElo "1908"]
[Annotator "NA"]
[PlyCount "109"]
[EventDate "2018.06.21"]
[EventCountry "BLR"]
[SourceTitle "playchess.com"]
[Source "ChessBase"]
[SourceQuality "1"]
[TimeControl "900+10"]

1. d4 Nf6 2. Nf3 e6 3. c4 b6 4. g3 Bb7 5. Bg2 d5 6. Ne5 Be7 7. O-O O-O 8. Nc3 Nbd7 9. Qa4 c5 10. Nxd7 Nxd7 11. cxd5 cxd4 12. Qxd4 Bf6 13. Qe3 Re8 14. Qd2 Bxc3 15. Qxc3 Bxd5 16. Bxd5 exd5 17. Be3 Rc8 18. Qa3 a5 19. Rfd1 Ne5 20. Bd4 Nc4 21. Qd3 Qe7 22. b3 Na3 23. Rd2 Qe4 24. Qxe4 dxe4 25. Bxb6 a4 26. Rad1 axb3 27. axb3 Nc2 28. Rc1 Nb4 29. Rxc8 Rxc8 30. Rd4 Nc2 31. Rxe4 Rb8 32. Bc5 f6 33. Rc4 Na1 34. b4 Nb3 35. Rc3 Nd2 36. f3 Nb1 37. Rd3 Re8 38. Kf1 Ra8 39. Kf2 Ra2 40. b5 Rb2 41. b6 Kf7 42. Rd7+ Ke6 43. Rc7 Nc3 44. Bd4 Nd1+ 45. Ke1 Rb1 46. Kd2 Kd5 47. Kc2 Rb4 48. Kxd1 Kxd4 49. b7 g5 50. Rxh7 Ke3 51. Re7+ Kf2 52. h4 Kxg3 53. h5 g4 54. h6 gxf3 55. exf3 1-0

[Event "Kupreichik Memorial Open 2018"]
[Site "Minsk"]
[Date "2018.06.23"]
[Round "10"]
[White "Polovkov, Valery"]
[Black "Tsvetkova, Vladislava"]
[Result "1-0"]
[ECO "B12"]
[WhiteElo "1812"]
[BlackElo "1697"]
[Annotator "NA"]
[PlyCount "99"]
[EventDate "2018.06.21"]
[EventCountry "BLR"]
[SourceTitle "playchess.com"]
[Source "ChessBase"]
[SourceQuality "1"]
[TimeControl "900+10"]

1. e4 c6 2. d4 d5 3. e5 Bf5 4. Nf3 e6 5. Be2 Nd7 6. O-O Ne7 7. c3 Bg6 8. Nbd2 Nf5 9. Re1 Be7 10. Nf1 O-O 11. Bf4 c5 12. Qd2 Qb6 13. a3 a5 14. Rac1 a4 15. Ne3 Nb8 16. Nxf5 Bxf5 17. Bg5 Bxg5 18. Nxg5 cxd4 19. cxd4 Nc6 20. Red1 Na5 21. Rc3 Nb3 22. Qf4 Rac8 23. g4 Bc2 24. Rxc2 Rxc2 25. Bd3 Rc7 26. Bxh7+ Kh8 27. Rd3 Nc1 28. Re3 f6 29. Bg6 Kg8 30. Qg3 fxg5 31. Qh3 Rfc8 32. Qh7+ Kf8 33. Qh8+ Ke7 34. Qxg7+ Kd8 35. Qf8+ Kd7 36. Qf7+ Kc6 37. Qxe6+ Kb5 38. Qxd5+ Ka6 39. e6 Re7 40. Bf7 Nb3 41. Qxg5 Rc1+ 42. Kg2 Qc7 43. d5 Rxf7 44. exf7 Qxf7 45. Re6+ Ka5 46. Qe3 Qc7 47. g5 Nc5 48. Qxc1 Nxe6 49. Qe1+ Ka6 50. Qxe6+ 1-0